 Dungeon Crawl Stone Soup version 0.29-a0-563-g64e4043184 (webtiles) character file.

Game seed: 8969309613305298710

2 shadowstone the Skirmisher (level 1, -2/14 HPs)
             Began as a Gargoyle Berserker on June 11, 2022.
             Was a Follower of Trog.
             Slain by a goblin
             ... wielding a +0 club
              (3 damage)
             ... on level 1 of the Dungeon.
             The game lasted 00:00:53 (95 turns).

shadowstone the Skirmisher (Gargoyle Berserker)       Turns: 95, Time: 00:00:54

Health: -2/14      AC:  2    Str: 20    XL:     1   Next: 30%
Magic:  1/1        EV: 11    Int:  7    God:    Trog [*.....]
Gold:   13         SH:  0    Dex:  9    Spells: 0/0 levels left

rFire   . . .      SeeInvis .   a - +0 short sword
rCold   . . .      Faith    .   (no shield)
rNeg    + . .      Spirit   .   (no body armour)
rPois   ∞          Reflect  .   (no helmet)
rElec   +          Harm     .   (no cloak)
rCorr   .          Rampage  .   (no gloves)
Will    .....                   (no boots)
Stlth   +.........              (no amulet)
HPRegen 0.04/turn               (no ring)
MPRegen 0.07/turn               (no ring)

@: no status effects
A: sickness immunity, AC +2, negative energy resistance 1, electricity
resistance, torment resistance 1, petrification resistance
a: Renounce Religion, Berserk


You were on level 1 of the Dungeon.
You worshipped Trog.
Trog was aware of your devotion.
You visited 1 branch of the dungeon, and saw 1 of its levels.

You collected 13 gold pieces.

Inventory:

Hand Weapons
 a - a +0 short sword (weapon)
Armour
 b - a +0 animal skin
Magical Staves
 g - a staff of cold
Scrolls
 c - a scroll of silence {unknown}
 d - a scroll of blinking {unknown}
 e - a scroll of immolation {unknown}
 f - a scroll of fog {unknown}


   Skills:
 + Level 3.3 Fighting
 + Level 2.7 Short Blades
 + Level 2.2 Armour
 + Level 1.5 Dodging


You couldn't memorise any spells.
You didn't know any spells.
Your spell library was empty.

Dungeon Overview and Level Annotations

Branches:
Dungeon (1/15)

Altars:


Innate Abilities, Weirdness & Mutations

You are immune to sickness and miasma.
Your stone body is resilient. (AC +2)
You are immune to poison.
You resist negative energy. (rN+)
You are resistant to electric shocks. (rElec)
You are resistant to unholy torment.
You are immune to petrification.


Message History

The goblin attacks as you move away! The goblin hits you with a +0 club.
The goblin attacks as you move away! The goblin misses you.
A rat comes into view.
Found a scroll labelled APLIXU VAME.
The goblin attacks as you move away! The goblin hits you but does no damage.
The rat barely misses you.
A rat comes into view.
The rat closely misses you. The rat attacks as you move away!
The rat bites you. The rat closely misses you.
The goblin hits you with a +0 club.
* * * LOW HITPOINT WARNING * * *
The rat closely misses you. The rat attacks as you move away!
The rat barely misses you. The rat bites you but does no damage.
A rat comes into view.
The rat attacks as you move away! The rat closely misses you.
Found a broad axe.
The rat barely misses you. The rat attacks as you move away!
The rat barely misses you. The rat attacks as you move away!
The rat closely misses you.
You hit the rat but do no damage. The rat bites you.
* * * LOW HITPOINT WARNING * * *
You hit the rat.
You kill the rat!
Trog accepts your kill. The rat bites you.
* * * LOW HITPOINT WARNING * * *
You hit the rat.
The rat is severely wounded.
The rat barely misses you. x2
You completely miss the rat.
The rat is severely wounded.
The rat barely misses you. x2
You hit the rat.
You kill the rat!
Trog accepts your kill. The rat bites you but does no damage.
You completely miss the goblin. The rat misses you.
The goblin hits you with a +0 club.
You die...

#.##.#..# #...#
#..?.#.. ....#
###..###..
##...# #....#
#.. #.##.# #.#
#. #g# #.# # #.#
#.####.##
#.##.###....)...
#......g@#
#.#####r.# #
#...# #.....
#...### #..##
...# ##.#


You could see a goblin and a rat.

Vanquished Creatures
  3 rats (D:1)
3 creatures vanquished.

Notes
Turn   | Place    | Note
-------+----------+-------------------------------------------
     0 | D:1      | shadowstone the Gargoyle Berserker began the quest for the
                  | Orb.
     0 | D:1      | Reached XP level 1. HP: 14/14 MP: 1/1
    95 | D:1      | Slain by a goblin

Illustrated notes

Levels and vault maps discovered:
D:1:      psy_arrival_radial01, layout_loops_ring,
          amcnicky_mini_corridor_feature

Action                   || total
-------------------------++-------
Melee: Short sword       ||     8
Armor: Skin              ||     3
       Animal skin       ||     1
Dodge: Dodged            ||    21

Table legend: (Time is in decaauts)
 A = Elapsed time spent in this place.
 B = Non-inter-level travel time spent in this place.
 C = Inter-level travel time spent in this place.
 D = Time resting spent in this place.
 E = Time spent auto-exploring this place.
 F = Levels seen in this place.
 G = Mean time per level.
                   A        B        C        D        E       F      G
               +--------+--------+--------+--------+--------+-----+--------+
         Total |     94 |     94 |      0 |      0 |      0 |   1 |   94.0 |
       Dungeon |     94 |     94 |      0 |      0 |      0 |   1 |   94.0 |
               +--------+--------+--------+--------+--------+-----+--------+

Top non-repeatable levels by time:
     D:1: 94 daAuts
